 Dungeon Crawl Stone Soup version 0.29-a0-993-g4a18f31a58 (webtiles) character file.

Game seed: 14106704634298210505

5100 flotson the Trooper (level 10, -2/70 (79) HPs)
             Began as a Demonspawn Delver on Aug 2, 2022.
             Was an Initiate of Gozag.
             Slain by a wight
             ... wielding a +3 great sword
              (12 damage)
             ... on level 8 of the Dungeon.
             The game lasted 00:20:18 (12710 turns).

flotson the Trooper (Demonspawn Delver)            Turns: 12710, Time: 00:20:18

HP:   -2/70 (79)    AC: 14    Str: 17    XL:     10   Next: 32%
MP:   11/11         EV: 11    Int: 11    God:    Gozag
Gold: 738           SH:  0    Dex: 15    Spells: 3/10 levels left

rFire   + . .      SeeInvis .   a - +2 flail (drain)
rCold   . . .      Faith    .   (no shield)
rNeg    . . .      Spirit   .   H - +0 chain mail
rPois   .          Reflect  .   (no helmet)
rElec   .          Harm     .   N - +0 cloak
rCorr   .          Rampage  .   F - +0 pair of gloves
Will    .....                   A - +1 pair of boots
Stlth   ..........              x - amulet of the acrobat
HPRegen 0.21/turn               t - ring of protection from fire
MPRegen 0.12/turn               (no ring)

@: about to teleport, heavily drained
A: hooves 2, sturdy frame 1, demonic magic 2
a: Renounce Religion, Potion Petition, Call Merchant, Bribe Branch


You were on level 8 of the Dungeon.
You worshipped Gozag.
Gozag was pleased with you.
You visited 2 branches of the dungeon, and saw 9 of its levels.

You collected 862 gold pieces.
You paid 124 gold pieces to Gozag.

Inventory:

Hand Weapons
 a - a +2 flail of draining (weapon)
 b - a +5 hand axe of freezing
 y - a +2 dagger of venom
 D - a +2 vorpal scythe
 J - a +0 battleaxe
 M - a +0 glaive
 Q - a +1 scimitar of flaming
Missiles
 f - 2 throwing nets (quivered)
 C - 15 poisoned darts
 P - 5 boomerangs
Armour
 A - a +1 pair of boots (worn)
 F - a +0 pair of gloves (worn)
 H - a +0 chain mail (worn)
 N - a +0 cloak (worn)
Jewellery
 t - a ring of protection from fire (left hand)
 x - an amulet of the acrobat (around neck)
 O - a ring of poison resistance
Wands
 g - a wand of digging (3)
 j - a wand of roots (1)
 L - a wand of mindburst (7)
Scrolls
 c - 2 scrolls of fog
 e - 2 scrolls of immolation {unknown}
 h - 2 scrolls of poison {unknown}
 k - a scroll of vulnerability {unknown}
 m - a scroll of teleportation
 n - 2 scrolls of torment {unknown}
 p - 3 scrolls of summoning {unknown}
 q - 2 scrolls of magic mapping
 s - a scroll of amnesia {unknown}
 z - 5 scrolls of identify {unknown}
 B - a scroll of blinking {unknown}
 E - a scroll of noise {unknown}
 I - a scroll of enchant weapon {unknown}
Potions
 d - 5 potions of attraction
 i - 4 potions of might {unknown}
 l - a potion of lignification {unknown}
 o - 7 potions of curing
 r - 3 potions of haste
 u - a potion of ambrosia {unknown}
 v - a potion of mutation {unknown}
 w - 2 potions of invisibility {unknown}
 G - a potion of berserk rage {unknown}
 K - a potion of flight {unknown}
 R - a potion of degeneration {unknown}
 S - a potion of brilliance {unknown}


   Skills:
 + Level 7.4 Fighting
 + Level 4.4(4.6) Axes
 - Level 1.7(3.3) Polearms
 + Level 4.3 Throwing
 + Level 5.9 Armour
 + Level 6.3 Dodging
 - Level 4.5 Stealth
 + Level 0.8 Spellcasting
 + Level 0.5 Hexes
 + Level 0.6 Summonings
 + Level 6.6 Evocations


You had 3 spell levels left.
You knew the following spells:

 Your Spells              Type           Power      Damage    Failure   Level
a - Summon Small Mammal   Summ           4%         N/A       86%         1
b - Call Canine Familiar  Summ           1%         N/A       99%         3
c - Summon Guardian Gole  Hex/Summ       1%         N/A       99%         3

Your spell library contained the following spells:

 Spells                   Type           Power      Damage    Failure   Level
 Shock                    Conj/Air       0%         1d3       91%         1
 Swiftness                Air            0%         N/A       100%        3
 Airstrike                Air            0%         2d(0-16)  100%        4


Dungeon Overview and Level Annotations

Branches:
Dungeon (8/15)             Temple (1/1) D:6
   Lair: D:8-11

Altars:
Cheibriados
Dithmenos
Fedhas
Gozag
Hepliaklqana
Kikubaaqudgha
Nemelex Xobeh
Okawaru
Qazlal
Ru
Sif Muna
Trog
Uskayaw
Wu Jian
Xom
Yredelemnul

Shops:
D:5 (

Annotations:
D:8 1 runed translucent door, Yogidamonk's ghost, novice GrEE


Innate Abilities, Weirdness & Mutations

You have hoof-like feet.
Your movements are slightly less encumbered by armour. (ER -2)
Spells you cast may paralyse nearby enemies.


Message History

The wight is lightly damaged.
The wight hits you with a +3 scimitar!
You feel drained.
You sock the wight!
The wight is almost destroyed.
The wight hits you with a +3 scimitar. The wight barely misses you.
You closely miss the wight. You punch the wight, but do no damage.
The wight is almost destroyed.
The wight hits you with a +3 scimitar!
You sock the wight!
You destroy the wight!
The yak barely misses you.
You sock the yak! You drain the yak.
The yak is heavily wounded.
The yak gores you.
The yak gores you but does no damage. x2
You completely miss the yak.
The yak is heavily wounded.
The wight barely misses you. The yak gores you! The yak closely misses you.
The yak misses you. The yak barely misses you.
The yak gores you but does no damage. The yak barely misses you.
The yak gores you.
The wight hits you with a +3 great sword!
You feel drained. The yak barely misses you. The yak gores you.
The yak gores you!
* * * LOW HITPOINT WARNING * * *
The yak attacks as you move away! The yak closely misses you.
The yak attacks as you move away! The yak gores you but does no damage.
The yak closely misses you. The wight attacks as you move away!
The wight completely misses you. The yak attacks as you move away!
The yak gores you but does no damage. The yak attacks as you move away!
The yak misses you. The yak attacks as you move away!
The yak gores you but does no damage. The yak attacks as you move away!
The yak completely misses you. The yak gores you!
* * * LOW HITPOINT WARNING * * *
The yak barely misses you.
As you read the scroll of teleportation, it crumbles to dust.
You feel strangely unstable.
The wight hits you with a +3 great sword!
You die...
Your body crumbles into a pile of gold.

.......[..ยง.......#
.......####.##....#
.......# #.......##
.......# ####.....#
######## ##....#
####.# ######.###
#........#
#..z@.<<.#
#.YYY....#
.!########.Y......#
$..........Y.......#
.......$....#######
#...........#
#...........#
#...........#
#?..........#


You could see 5 yaks and a wight.

Vanquished Creatures
  Erica (D:8)
  Grinder (D:6)
  Prince Ribbit (D:7)
  Sigmund (D:5)
  A vampire (D:7)
  A yak (D:7)
  A steam dragon (D:7)
  Grum (D:8)
  Edmund (D:5)
  A water moccasin (D:7)
  3 orc warriors
  3 ice beasts
  A sky beast (D:8)
  A black bear (D:4)
  4 ogres
  2 wolves (D:7)
  Blork the orc (D:5)
  A bullfrog (D:6)
  2 necrophages (D:5)
  A gnoll sergeant (D:7)
  A scorpion (D:6)
  7 wights
  6 killer bees
  A jelly (D:7)
  7 orc priests
  2 hounds (D:5)
  3 iguanas
  8 orc wizards
  7 gnolls
  9 adders
  8 river rats (D:5)
  2 shadow imps
  A white imp (D:7)
  An ufetubus (D:5)
  2 worms
  A dart slug (D:4)
  35 orcs
  12 ball pythons
  10 bats
  9 endoplasms
  2 giant cockroaches
  12 goblins
  6 hobgoblins
  2 jackals (D:1)
  8 kobolds
  14 quokkas
  3 frilled lizards
  19 rats
227 creatures vanquished.

Vanquished Creatures (others)
  A plant (D:5)
1 creature vanquished.

Grand Total: 228 creatures vanquished

Notes
Turn   | Place    | Note
-------+----------+-------------------------------------------
     0 | D:5      | flotson the Demonspawn Delver began the quest for the Orb.
     0 | D:5      | Reached XP level 1. HP: 18/18 MP: 1/1
    60 | D:5      | Found Jamnov's Weapon Emporium.
   116 | D:5      | Gained mutation: Your movements are slightly less
                  | encumbered by armour. (ER -2) [demonic ancestry]
   116 | D:5      | Reached XP level 2. HP: 6/24 MP: 2/2
   385 | D:5      | Reached skill level 1 in Evocations
   408 | D:5      | Noticed Blork the orc
   414 | D:5      | Reached skill level 1 in Armour
   414 | D:5      | Gained mutation: Spells you cast may paralyse adjacent
                  | enemies. [demonic ancestry]
   414 | D:5      | Reached XP level 3. HP: 7/29 MP: 3/3
   436 | D:4      | Noticed a black bear
  1461 | D:1      | Reached XP level 4. HP: 35/35 MP: 4/4
  2389 | D:3      | Found a sacrificial altar of Ru.
  2550 | D:3      | Found a shimmering blue altar of Sif Muna.
  2552 | D:3      | Found a basalt altar of Yredelemnul.
  2675 | D:3      | Found a snail-covered altar of Cheibriados.
  2787 | D:3      | Found a faded altar of an unknown god.
  2941 | D:3      | Reached XP level 5. HP: 42/42 MP: 5/5
  3420 | D:4      | Found an ancient bone altar of Kikubaaqudgha.
  3450 | D:4      | Noticed an ogre
  3457 | D:4      | Reached skill level 4 in Fighting
  3962 | D:4      | Killed an ogre
  3963 | D:4      | Gained mutation: Spells you cast may paralyse nearby
                  | enemies. [demonic ancestry]
  3963 | D:4      | Reached XP level 6. HP: 16/49 MP: 6/6
  4543 | D:4      | Gained mutation: You have large cloven feet. [demonic
                  | ancestry]
  4543 | D:4      | Reached XP level 7. HP: 32/55 MP: 7/7
  5245 | D:5      | Reached skill level 5 in Fighting
  5940 | D:5      | Noticed Edmund
  5951 | D:5      | Killed Edmund
  6001 | D:5      | Killed Blork the orc
  6002 | D:5      | Reached XP level 8. HP: 29/63 MP: 8/8
  6442 | D:5      | Noticed Sigmund
  6458 | D:5      | Killed Sigmund
  6459 | D:5      | Reached skill level 1 in Axes
  6459 | D:5      | Reached skill level 1 in Throwing
  7045 | D:6      | Noticed Grinder
  7242 | D:6      | Reached skill level 5 in Dodging
  7457 | D:6      | Reached skill level 6 in Fighting
  7457 | D:6      | Reached skill level 5 in Evocations
  7797 | D:6      | Paralysed by Grinder for 2 turns
  7802 | D:6      | Killed Grinder
  7803 | D:6      | Reached XP level 9. HP: 52/69 MP: 9/9
  8382 | D:6      | Found a staircase to the Ecumenical Temple.
  8389 | Temple   | Entered the Ecumenical Temple
  8393 | Temple   | Became a worshipper of Gozag Ym Sagoz the Greedy
  9113 | D:7      | Reached skill level 5 in Armour
 10442 | D:8      | Noticed Yogidamonk's ghost (novice GrEE)
 10442 | D:8      | Noticed Prince Ribbit
 10442 | D:8      | Noticed Grum
 10442 | D:8      | Found a runed translucent door.
 10443 | D:8      | Noticed Erica
 10452 | D:7      | Killed Prince Ribbit
 10776 | D:8      | Reached skill level 7 in Fighting
 11242 | D:8      | Killed Erica
 11243 | D:8      | Gained mutation: You have hoof-like feet. [demonic
                  | ancestry]
 11243 | D:8      | Reached XP level 10. HP: 79/79 MP: 10/10
 11273 | D:8      | Killed Grum
 11538 | D:8      | Found a stormy altar of Qazlal.
 12033 | D:8      | Learned a level 1 spell: Summon Small Mammal
 12037 | D:8      | Learned a level 3 spell: Call Canine Familiar
 12041 | D:8      | Learned a level 3 spell: Summon Guardian Golem
 12710 | D:8      | Slain by a wight

Illustrated notes

Levels and vault maps discovered:
D:1:      ebering_hopf_link, layout_rooms, minmay_pentomino_x2
D:2:      layout_basic, nicolae_underground_beach
D:3:      minmay_razor_zed, layout_loops_ring,
          mainiacjoe_overflow_surrounded_room, lemuel_crystal_altar,
          jmf_multi_god_temple, dreamdust_ecumenical_altar_hidden_monk_grotto
D:4:      layout_rooms, kiku_gazebo_pond_becter
D:5:      lemuel_ratsnest, layout_loops_ring, serial_shops, shop,
          chequers_serial_rivers_small_3, st_stairs_14,
          sigmund_edmund_badplayer, uniq_blork_the_orc
D:6:      layout_loops_cross, minmay_temple_entry_hall, hex_tiny, uniq_grinder
D:7:      layout_rooms
D:8:      layout_basic, nicolae_qazlal_general_emergency,
          hellmonk_ghost_big_iron, uniq_prince_ribbit1, uniq_grum, uniq_erica
Temple:   nicolae_temple_x_marks_the_god

Skill      XL: |  1  2  3  4  5  6  7  8  9 |
---------------+----------------------------+-----
Dodging        | 2 3 4 5 6 |  6.3
Evocations     | 1 2 3 4 5 6 |  6.6
Armour         | 1 2 3 4 5 |  5.9
Fighting       | 4 5 6 7 |  7.4
Axes           | 2 4 |  4.4
Throwing       | 2 4 |  4.3
Polearms       | |  1.7
Stealth        | |  4.5
Spellcasting   | |  0.8
Hexes          | |  0.5
Summonings     | |  0.6

Action                   |  1- 3 |  4- 6 |  7- 9 | 10-12 || total
-------------------------+-------+-------+-------+-------++-------
Melee: Spear             |   113 |       |       |       ||   113
       Dagger            |     2 |   201 |   125 |       ||   328
       Punch             |       |     3 |     9 |     2 ||    14
       Kick              |       |       |    36 |       ||    36
       Battleaxe         |       |       |    11 |       ||    11
       Flail             |       |       |   203 |    98 ||   301
       Halberd           |       |       |    33 |       ||    33
       Hand axe          |       |       |    79 |       ||    79
Throw: Dart              |       |       |     5 |       ||     5
Evoke: Wand              |     3 |     6 |     5 |     1 ||    15
  Use: Scroll            |     2 |       |     2 |     1 ||     5
       Potion            |     3 |       |       |       ||     3
 Stab: Sleeping          |     1 |    11 |     1 |       ||    13
       Distracted        |       |       |       |     1 ||     1
Armor: Leather armour    |    18 |       |       |       ||    18
       Ring mail         |    24 |    36 |       |       ||    60
       Scale mail        |       |    37 |    80 |       ||   117
       Chain mail        |       |       |   128 |    49 ||   177
Dodge: Dodged            |    85 |   120 |   305 |    90 ||   600

Table legend: (Time is in decaauts)
 A = Elapsed time spent in this place.
 B = Non-inter-level travel time spent in this place.
 C = Inter-level travel time spent in this place.
 D = Time resting spent in this place.
 E = Time spent auto-exploring this place.
 F = Levels seen in this place.
 G = Mean time per level.
                   A        B        C        D        E       F      G
               +--------+--------+--------+--------+--------+-----+--------+
         Total |  12836 |  12334 |    502 |   1413 |   8698 |   9 | 1426.2 |
       Dungeon |  12828 |  12330 |    498 |   1413 |   8698 |   8 | 1603.5 |
        Temple |      8 |      4 |      4 |      0 |      0 |   1 |    8.0 |
               +--------+--------+--------+--------+--------+-----+--------+

Top non-repeatable levels by time:
     D:5: 2628 daAuts
     D:7: 2545 daAuts
     D:6: 1967 daAuts
     D:4: 1431 daAuts
     D:3: 1301 daAuts
     D:8: 1280 daAuts
     D:1: 966 daAuts
     D:2: 706 daAuts
  Temple: 8 daAuts
